 Dungeon Crawl Stone Soup version 0.17-a0-1373-g64d4c99 (webtiles) character file.

30055 l0ser140 the Severer (level 13, -2/183 HPs)
             Began as a Minotaur Berserker on June 14, 2015.
             Was an Elder of Trog.
             Killed from afar by a hellephant (26 damage)
             ... with a blast of flame
             ... on level 3 of the Abyss.
             The game lasted 01:03:47 (14515 turns).

l0ser140 the Severer (Minotaur Berserker)          Turns: 14515, Time: 01:03:48

Health: -2/183     AC: 19    Str: 32    XL:     13   Next: 18%
Magic:  4/4        EV: 15    Int:  4    God:    Trog [****..]
Gold:   145        SH:  0    Dex: 17    Spells: 0 memorised, 12 levels left

rFire  + . .     SeeInvis .     K - +2 executioner's axe (antimagic)
rCold  . . .     Clarity  .     H - +0 plate armour
rNeg   . . .     SustAt   .     (no shield)
rPois  .         Gourm    .     (helmet restricted)
rElec  .         Spirit   .     w - +2 cloak
rCorr  .         Warding  .     O - +2 pair of fencer's gloves {LBl+4 SBl+4 EV+3 Dex+6}
rMut   +         Rnd*Tele +     (no boots)
MR     .....                    q - amulet of resist mutation
Stlth  ..........               o - ring of protection from fire
                                f - +3 ring of dexterity

@: berserking (expiring), very quick, not resistant to hostile enchantments,
extremely unstealthy
A: retaliatory headbutt, horns 2, clumsy 1, deformed body, screaming 1, slow
healing 1, teleportitis 1
a: Burn Spellbooks, Berserk, Trog's Hand, Brothers in Arms, Renounce Religion


You were on level 3 of the Abyss.
You worshipped Trog.
Trog was greatly pleased with you.
You were not hungry.

You visited 2 branches of the dungeon, and saw 14 of its levels.
You visited the Abyss 1 time.
You also visited: Sewer and Ice Cave.

You collected 696 gold pieces.
You spent 551 gold pieces at shops.

Inventory:

Hand weapons
 s - a +2 war axe of flaming
   (You found it in an ice cave)
 K - a +2 antimagic executioner's axe (weapon)
   (Trog gifted it to you in an ice cave)
 N - a +3 battleaxe of chopping
   (Trog gifted it to you on level 6 of the Dungeon)
 S - the +5 flail "Quosoum" {crush, Stlth+, unknown}
   (You found it on level 11 of the Dungeon)

   It inflicts extra damage upon your enemies.
   It makes you more stealthy.
Missiles
 g - 2 throwing nets (quivered)
Armour
 w - a +2 cloak (worn)
 H - a +0 plate armour (worn)
 L - the +1 chain mail of Vlad {-Cast rF+++ MR+ Str+2}
   (You took it off an orc on level 10 of the Dungeon)

   It affects your strength (+2).
   It renders you almost immune to fire.
   It affects your resistance to hostile enchantments.
   It prevents spellcasting.
 O - the +2 pair of fencer's gloves (worn) {LBl+4 SBl+4 EV+3 Dex+6}
   (You bought it in a shop on level 5 of the Dungeon)

   It affects your evasion (+3).
   It affects your dexterity (+6).
Jewellery
 f - a +3 ring of dexterity (left hand)
   (You found it on level 1 of the Dungeon)
 o - a ring of protection from fire (right hand)
   (You found it on level 6 of the Dungeon)
 q - an amulet of resist mutation (around neck)
   (You took it off an orc on level 10 of the Dungeon)
Magical devices
 l - a wand of teleportation (7)
 u - a wand of cold (2)
 v - a wand of digging (18)
 E - a wand of magic darts (20)
 I - a wand of slowing (42)
 P - a wand of lightning (5)
Scrolls
 e - 3 scrolls of enchant weapon
 t - a scroll of enchant armour
 y - a scroll of recharging
 B - a scroll of amnesia {unknown}
 D - a scroll of blinking {unknown}
 F - a scroll of magic mapping
 R - a scroll of remove curse
Potions
 a - a potion of magic
 d - a potion of flight
 h - 2 potions of might
 j - 2 potions of haste
 k - 3 potions of brilliance
 m - a potion of invisibility
 p - a potion of curing
 x - a potion of ambrosia
 z - 2 potions of berserk rage
 A - a potion of mutation {!q}
 G - a potion of resistance
Books
 C - a book of Maledictions

   Spells                             Type                      Level
   a - Corona                         Hexes                        1
   b - Ensorcelled Hibernation        Hexes/Ice                    2
   c - Confuse                        Hexes                        3
   d - Tukima's Dance                 Hexes                        3
   e - Dazzling Spray                 Conjuration/Hexes            3
   Trog disapproves of the use of such an item.
 J - a book of the Warp

   Spells                             Type                      Level
   a - Recall                         Summoning/Translocation      3
   b - Gell's Gravitas                Hexes/Translocation          3
   c - Force Lance                    Conjuration/Translocation    4
   d - Phase Shift                    Translocation                5
   e - Warp Weapon                    Charms/Translocation         5
   f - Summon Forest                  Summoning/Translocation      5
   Trog disapproves of the use of such an item.
 M - a Necronomicon {highlevel, unknown}

   This book is beyond your current level of understanding.

   Spells                             Type                      Level
   a - Haunt                          Necromancy/Summoning         7
   b - Borgnjor's Revivification      Necromancy                   8
   c - Death's Door                   Charms/Necromancy            8
   d - Necromutation                  Transmutation/Necromancy     8
   Trog disapproves of the use of such an item.
 Q - a book of Changes

   Spells                             Type                      Level
   a - Beastly Appendage              Transmutation                1
   b - Sticks to Snakes               Transmutation                2
   c - Spider Form                    Transmutation/Poison         3
   d - Ice Form                       Ice/Transmutation            4
   e - Blade Hands                    Transmutation                5
   Trog disapproves of the use of such an item.
Comestibles
 c - 14 bread rations
 i - 6 meat rations


   Skills:
 - Level 13.5 Fighting
 + Level 15.6 Axes
 + Level 15.4 Armour
 - Level 5.9 Dodging


You had 12 spell levels left.
You didn't know any spells.

Dungeon Overview and Level Annotations

Branches:
Dungeon (11/15)            Temple (0/1) D:6            Lair (3/8) D:10
  Swamp: Lair:3-6    Shoals: Lair:3-6     Snake: Lair:3-6    Spider: Lair:3-6
    Orc: D:9-12

Altars:
Dithmenos
Fedhas
Kikubaaqudgha
Makhleb
Okawaru
Qazlal
Trog

Shops:
D:4 ?   D:5 **:[%   D:9 *

Portals:
Trove: D:10 (show abyssal rune of Zot)

Annotations:
D:11 Maud


Innate Abilities, Weirdness & Mutations

You reflexively headbutt those who attack you in melee.
You have a pair of horns on your head.
[You are clumsy. (Dex -2)]
[Armour fits poorly on your strangely shaped body.]
[You occasionally shout uncontrollably at your foes.]
[You heal slowly when monsters are visible.]
[You are occasionally teleported to nearby monsters.]


Message History

The hellephant is severely wounded.
You slice the wretched star!!
The wretched star's magic leaks into the air.
The wretched star is heavily damaged.
The hellephant completely misses you. The hellephant bites you.
* * * LOW HITPOINT WARNING * * *
The hellephant gores you but does no damage.
Damage: -3%(-5hp) hp: 26%(47hp)
Your plate armour prevents you from hitting the hellephant.
The hellephant is severely wounded.
You closely miss the wretched star.
The wretched star is heavily damaged.
The hellephant tramples you but does no damage.
The hellephant bites you but does no damage.
The hellephant gores you but does no damage.
The wretched star falters for a moment.
You slash the hellephant!
The hellephant's magic leaks into the air.
The hellephant is severely wounded.
You closely miss the wretched star.
The wretched star is heavily damaged.
The hellephant tramples you!!
* * * LOW HITPOINT WARNING * * *
You hold your ground!
The hellephant closely misses you.
The hellephant gores you but does no damage.
The wretched star falters for a moment.
Huge Dmg: -12%(-22hp) hp: 14%(25hp)
You closely miss the hellephant.
The hellephant is severely wounded.
You hit the wretched star.
The wretched star's magic leaks into the air.
The wretched star is heavily damaged.
The hellephant tramples you but does no damage.
The hellephant bites you.
* * * LOW HITPOINT WARNING * * *
The hellephant barely misses you.
Damage: -0%(-1hp) hp: 14%(24hp)
You slice the hellephant!!
The hellephant's magic leaks into the air.
The hellephant is almost dead.
You closely miss the wretched star.
The wretched star is heavily damaged.
You closely miss the hellephant. Your headbutt misses the hellephant.
The hellephant is almost dead.
You slash the wretched star!
The wretched star's magic leaks into the air.
The wretched star is severely damaged.
The hellephant breathes flames at you. The blast of flame hits you! You resist.
You die...

#. x . . .##
.# ...
.##.## #..x.
## # ###.#Y#
...
..##....H#..
#....#.*##.#
.......#.#
...##.#.. .
..##.###
....#.#...#
#...#..##.##
# # # #.
....#Y# . ##
..... . #.
...##


You could see a hellephant, a wretched star and a small abomination.

Vanquished Creatures
  Snorg (D:10)
  2 hydras (Lair:1 Lair:2)
  A thrashing horror (Abyss:2)
  A death yak (Lair:1)
  A queen ant (Lair:2)
  2 sun demons (Abyss:3)
  A wretched star (Abyss:2)
  A giant orange brain (Abyss:3)
  A hill giant (D:10)
  An unseen horror (D:11)
  An ugly thing (D:11)
  Maurice (D:9)
  Joseph (D:7)
  A smoke demon (Abyss:3)
  A hellion (Abyss:3)
  A fire drake (Lair:1)
  3 spiny frogs (Lair:1 Lair:2)
  2 ancient zymes (Abyss:2 Abyss:3)
  An efreet (Abyss:2)
  The ghost of asdu the Chopper, an experienced GrBe of Trog (D:7)
  4 komodo dragons (Lair:1)
  A deep elf priest (Abyss:3)
  A troll (D:9)
  A two-headed ogre (D:10)
  7 small abominations (Abyss:2 Abyss:3)
  10 raiju (Abyss:2 Abyss:3)
  A wyvern (D:8)
  2 spriggans (D:9 Lair:1)
  A deep elf mage (D:9)
  A ynoxinul (Abyss:3)
  21 yaks (D:10 Lair:1 Lair:2 D:11)
  A chaos spawn (Abyss:2)
  A basilisk (Lair:1)
  A human (shapeshifter) (Abyss:2)
  A hippogriff (Lair:2)
  3 large abominations (Abyss:2 Abyss:3)
  9 soldier ants (Lair:2 D:11)
  10 wolves (Lair:1)
  5 water moccasins (Lair:1 Lair:2)
  6 porcupines (Lair:1 Lair:2)
  Purgy (Sewer)
  A black bear (D:10)
  A sky beast (D:8)
  7 ice beasts (IceCv)
  A wasp (D:10)
  4 centaurs (D:9 D:11)
  An orc warrior (D:10)
  A phantom (D:11)
  5 ogres (D:5 D:7 D:11)
  2 big kobolds (D:7 D:10)
  A gnoll sergeant (D:8)
  3 crocodiles (Lair:1 Lair:2)
  8 giant frogs (D:6 D:8 Lair:1 Lair:2 D:11)
  A wyvern skeleton (D:6)
  2 scorpions (D:4 D:7)
  2 electric eels (Lair:2)
  12 killer bees (D:10)
  3 orc priests (D:4)
  7 crimson imps (D:7 D:8 D:10 Abyss:2)
  A centaur zombie (D:10)
  A quasit (D:9)
  2 giant frog skeletons (D:5 D:6)
  A gnoll shaman (D:5)
  An iron imp (Abyss:1)
  Natasha (thrice) (D:4)
  4 iguanas (D:8 D:9)
  A centaur skeleton (D:11)
  3 hounds (D:4 D:6)
  6 orc wizards (D:4 D:5 D:8 D:10)
  20 worker ants (D:5 D:7 Lair:2)
  A hell rat (D:9)
  A killer bee zombie (D:8)
  7 sheep (Lair:1 Lair:3)
  2 hound zombies (D:6)
  2 hound skeletons (D:7 D:10)
  A worker ant zombie (D:7)
  18 gnolls (D:4 D:5 D:6 D:8)
  11 adders (D:2 D:5 D:6 D:10)
  33 river rats (D:6 D:9 Lair:2)
  4 shadow imps (D:8 D:9 D:10)
  5 white imps (Abyss:2)
  2 worms (D:5 D:6)
  2 adder skeletons (D:6 D:9)
  An adder zombie (D:8)
  28 orcs (D:3 D:4 D:5 D:6 D:8)
  11 goblins (D:1 D:2 D:4 D:5 D:7)
  11 hobgoblins (D:1 D:2 D:4 D:5 D:6)
  6 jackals (D:4 D:5)
  2 quokkas (D:8)
  2 ball pythons (D:4 D:5)
  21 bats (D:1 D:2 D:4 D:5 D:6)
  13 giant cockroaches (D:1 D:2 D:3 D:4 D:5)
  5 giant geckos (D:4 D:6 D:9)
  6 giant newts (D:1 D:2 D:3 D:5 D:4)
  16 kobolds (D:1 D:2 D:3 D:5 D:7)
  A quokka skeleton (D:4)
  48 rats (D:1 D:2 D:3 D:4 D:5)
  A butterfly (Lair:2)
479 creatures vanquished.

Vanquished Creatures (collateral kills)
  A wretched star (Abyss:2)
  An anaconda zombie (Abyss:3)
  A spiny frog (Lair:1)
  A komodo dragon (Lair:2)
  A raiju (Abyss:2)
  A water moccasin (Lair:2)
  A giant frog (Lair:2)
  An iguana (Lair:1)
8 creatures vanquished.

Vanquished Creatures (others)
  An eye of draining (Abyss:2)
  A lurking horror (Abyss:2)
2 creatures vanquished.

Grand Total: 489 creatures vanquished

Notes
Turn   | Place    | Note
--------------------------------------------------------------
     0 | D:1      | l0ser140 the Minotaur Berserker began the quest for the Orb.
     0 | D:1      | Reached XP level 1. HP: 19/19 MP: 0/0
    84 | D:1      | Reached XP level 2. HP: 25/27 MP: 1/1
   194 | D:1      | Reached skill level 3 in Armour
   568 | D:1      | Acquired Trog's second power
   655 | D:2      | Reached skill level 4 in Axes
   705 | D:2      | Reached XP level 3. HP: 30/33 MP: 2/2
  1041 | D:2      | Reached skill level 3 in Dodging
  1120 | D:2      | Found a faded altar to an unknown god.
  1262 | D:2      | Reached skill level 4 in Fighting
  1438 | D:3      | Reached XP level 4. HP: 37/40 MP: 3/3
  1501 | D:3      | Huge Dmg: 20 Dmg
  1613 | D:4      | Noticed Natasha
  1616 | D:4      | Killed Natasha
  1625 | D:4      | Huge Dmg: 16 Dmg
  1674 | D:4      | Reached skill level 4 in Armour
  1674 | D:4      | Reached XP level 5. HP: 47/47 MP: 4/4
  1678 | D:4      | Huge Dmg: 17 Dmg
  1779 | D:4      | Huge Dmg: 13 Dmg
  1781 | D:4      | Reached skill level 5 in Axes
  1786 | D:4      | Huge Dmg: 9 Dmg
  1961 | D:4      | Huge Dmg: 9 Dmg
  2081 | D:4      | Aiteri: Жги книгу
  2090 | D:4      | Aiteri: Халявный пиети
  2108 | D:4      | Found Seur's Magic Scroll Boutique.
  2111 | D:4      | Bought 2 scrolls of remove curse for 84 gold pieces
  2191 | D:4      | Reached skill level 4 in Dodging
  2195 | D:4      | Reached XP level 6. HP: 55/55 MP: 5/5
  2205 | D:4      | Huge Dmg: 19 Dmg
  2234 | D:4      | Noticed Natasha
  2244 | D:4      | Huge Dmg: 8 Dmg
  2261 | D:4      | Huge Dmg: 8 Dmg
  2358 | D:4      | Killed Natasha
  2363 | D:4      | Huge Dmg: 20 Dmg
  2454 | D:4      | Noticed Natasha
  2456 | D:4      | Killed Natasha
  2642 | D:5      | Entered Level 5 of the Dungeon
  2678 | D:5      | Reached skill level 5 in Fighting
  2692 | D:5      | Reached skill level 5 in Armour
  2696 | D:5      | Huge Dmg: 14 Dmg
  2923 | D:5      | Found Joon's Armour Shoppe.
  2944 | D:5      | Aiteri: А чому ты армор потяжелее не натянешь?
  2944 | D:5      | l0ser140: eto pooshka
  2967 | D:5      | Reached XP level 7. HP: 61/61 MP: 6/6
  2973 | D:5      | Acquired Trog's third power
  2975 | D:5      | Huge Dmg: 30 Dmg
  2999 | D:5      | Aiteri: Ходишь в своей шкуре
  2999 | D:5      | Found Veng's Assorted Antiques.
  3029 | D:5      | Huge Dmg: 24 Dmg
  3033 | D:5      | Reached skill level 5 in Dodging
  3044 | D:5      | Reached skill level 6 in Fighting
  3044 | D:5      | Reached skill level 6 in Axes
  3061 | D:5      | Aiteri: Нет бы плейт натянуть
  3183 | D:5      | l0ser140: не падало вообще ничего
  3238 | D:5      | Found Soutil's Food Shop.
  3257 | D:5      | Huge Dmg: 16 Dmg
  3259 | D:5      | Huge Dmg: 19 Dmg
  3279 | D:5      | Huge Dmg: 10 Dmg
  3279 | D:5      | Aiteri: А чейн мейл хотя бы
  3307 | D:5      | Aiteri: Он падал
  3482 | D:4      | Aiteri: jgee kneejkoo
  3513 | D:5      | Found Dokh's Book Shoppe.
  3717 | D:5      | Found an iron altar of Okawaru.
  3717 | D:5      | Found a bloodstained altar of Trog.
  3784 | D:5      | Found Beockua's Assorted Antiques.
  3803 | D:5      | l0ser140: придержу
  3803 | D:5      | l0ser140: может пригодится
  3814 | D:6      | Aiteri: мибе не покастить особо
  3825 | D:6      | Reached skill level 6 in Armour
  3830 | D:6      | l0ser140: кидай под ноги @ поджигай
  3830 | D:6      | Aiteri: лол
  4017 | D:6      | Found a glowing drain.
  4023 | Sewer    | Entered a sewer
  4159 | Sewer    | Noticed Purgy
  4168 | Sewer    | Killed Purgy
  4168 | Sewer    | Reached XP level 8. HP: 71/71 MP: 7/7
  4176 | Sewer    | Huge Dmg: 33 Dmg
  4250 | D:6      | Aiteri: А какой хоткей чтоб вот так делать?
  4250 | D:6      | l0ser140: ходить?
  4250 | D:6      | Aiteri: да
  4282 | D:6      | l0ser140: шифт+Х
  4282 | D:6      | Aiteri: Спасибо
  4338 | D:6      | Found a shadowy altar of Dithmenos.
  4549 | D:6      | l0ser140: надо было мифи брать
  4549 | D:6      | l0ser140: и коковару
  4549 | D:6      | l0ser140: он шмоток бы накинул
  4549 | D:6      | l0ser140: хотя трог вроде тоже ведь подкидывает топоры там всякие
  4549 | D:6      | Aiteri: lf
  4549 | D:6      | Aiteri: Он накидывает
  4550 | D:6      | Found a burning altar of Makhleb.
  4551 | D:6      | Reached skill level 7 in Axes
  4717 | D:6      | Reached skill level 7 in Fighting
  4727 | D:6      | Found a staircase to the Ecumenical Temple.
  4733 | D:6      | You fall through a shaft!
  4887 | D:7      | Noticed Joseph
  4897 | D:7      | Killed Joseph
  4897 | D:7      | Reached skill level 7 in Armour
  4899 | D:7      | Huge Dmg: 23 Dmg
  5062 | D:7      | Reached skill level 8 in Fighting
  5066 | D:7      | Aiteri: оо
  5202 | D:7      | Reached skill level 8 in Axes
  5538 | D:7      | Noticed asdu's ghost (experienced GrBe)
  5573 | D:8      | Reached XP level 9. HP: 81/81 MP: 8/8
  5617 | D:8      | Found an ancient bone altar of Kikubaaqudgha.
  5749 | D:8      | Reached skill level 8 in Armour
  5843 | D:8      | Found a blossoming altar of Fedhas.
  5845 | D:8      | Found a stormy altar of Qazlal.
  5895 | D:8      | Huge Dmg: 40 Dmg
  5897 | D:8      | Received a gift from Trog
  5903 | D:8      | Aiteri: А мне скайбисты никогда трупик не дропает
  5906 | D:8      | l0ser140: да ну их, я вообще мутациями не упарываюсь
  5906 | D:8      | l0ser140: упадёт какая нибудь хуйня типа берсерка для мага
  5908 | D:8      | Aiteri: Я до этого в C:DDA упарывал, там самое любимое было
  5932 | D:8      | Aiteri: найти импы и мутациями обмазатьс
  6873 | D:9      | Noticed Maurice
  6880 | D:9      | Killed Maurice
  6880 | D:9      | Reached skill level 9 in Fighting
  6880 | D:9      | Reached skill level 9 in Axes
  6882 | D:9      | Reached skill level 9 in Armour
  6887 | D:9      | Huge Dmg: 41 Dmg
  6938 | D:9      | Got a steaming rapier
  6985 | D:9      | Found Vomojuenn's Assorted Antiques.
  7016 | D:9      | Got a transparent robe
  7027 | D:9      | Identified the cursed +1 robe of Qakhlaugg {MR+} (You found it on level 9 of the Dungeon)
  7171 | D:9      | Huge Dmg: 27 Dmg
  7173 | D:9      | Huge Dmg: 12 Dmg
  7432 | D:9      | Received a gift from Trog
  7856 | D:10     | Entered Level 10 of the Dungeon
  7880 | D:10     | Reached skill level 10 in Fighting
  7880 | D:10     | Reached XP level 10. HP: 87/93 MP: 9/9
  7881 | D:10     | Noticed Snorg
  7883 | D:10     | Reached skill level 10 in Axes
  7916 | D:10     | Killed Snorg
  7916 | D:10     | Reached skill level 10 in Armour
  7925 | D:10     | Huge Dmg: 14 Dmg
  7949 | D:10     | l0ser140: нужно жрать не забывать
  7949 | D:10     | l0ser140: с этими таб таб таб
  8137 | D:10     | Found a staircase to the Lair.
  8159 | Lair:1   | Entered Level 1 of the Lair of Beasts
  8167 | Lair:1   | Reached skill level 11 in Fighting
  8179 | Lair:1   | Huge Dmg: 43 Dmg
  8197 | Lair:1   | Noticed a seven-headed hydra
  8199 | Lair:1   | l0ser140: а вот и книжки пригодятся
  8203 | Lair:1   | Huge Dmg: 22 Dmg
  8203 | Lair:1   | Killed a seven-headed hydra
  8203 | Lair:1   | Reached skill level 11 in Axes
  8203 | Lair:1   | Reached skill level 11 in Armour
  8204 | Lair:1   | Huge Dmg: 15 Dmg
  8377 | Lair:1   | Reached XP level 11. HP: 91/103 MP: 10/10
  8403 | Lair:1   | Huge Dmg: 36 Dmg
  8554 | Lair:1   | Found a frozen archway.
  8563 | IceCv    | Entered an ice cave
  8572 | IceCv    | Received a gift from Trog
  8575 | IceCv    | Reached skill level 12 in Fighting
  8583 | IceCv    | Huge Dmg: 49 Dmg
  8590 | IceCv    | Identified the +5 rapier of Feischi {drain, rC+ Str+3 Dex+2} (You found it on level 9 of the Dungeon)
  8652 | Lair:1   | Huge Dmg: 28 Dmg
  8653 | Lair:1   | Reached skill level 12 in Axes
  8654 | Lair:1   | l0ser140: сколько там в топорах нужно
  8654 | Lair:1   | l0ser140: для мин делея на экзекуроре?
  8908 | Lair:1   | Noticed a death yak
  8915 | Lair:1   | Killed a death yak
  8915 | Lair:1   | Reached skill level 12 in Armour
  8916 | Lair:1   | Huge Dmg: 20 Dmg
  9021 | Lair:1   | Huge Dmg: 34 Dmg
  9252 | Lair:1   | Huge Dmg: 27 Dmg
  9950 | Lair:2   | Noticed a queen ant
  9951 | Lair:2   | Huge Dmg: 52 Dmg
  9962 | Lair:2   | Huge Dmg: 23 Dmg
  9963 | Lair:2   | Huge Dmg: 18 Dmg
  9964 | Lair:2   | Huge Dmg: 17 Dmg
  9965 | Lair:2   | Huge Dmg: 4 Dmg
  9967 | Lair:2   | Huge Dmg: 5 Dmg
  9981 | Lair:2   | Huge Dmg: 11 Dmg
 10237 | Lair:2   | Noticed a four-headed hydra
 10246 | Lair:2   | Killed a one-headed hydra
 10324 | Lair:2   | Reached skill level 13 in Fighting
 10418 | Lair:2   | Killed a queen ant
 10418 | Lair:2   | Reached skill level 13 in Axes
 10423 | Lair:2   | Huge Dmg: 45 Dmg
 10443 | Lair:2   | Huge Dmg: 53 Dmg
 10837 | Lair:2   | Reached XP level 12. HP: 90/115 MP: 3/11
 10986 | Lair:2   | Reached skill level 13 in Armour
 12160 | D:7      | Killed asdu's ghost
 12186 | D:6      | Received a gift from Trog
 12228 | D:5      | Bought the +2 pair of fencer's gloves {LBl+4 SBl+4 EV+3 Dex+6} for 467 gold pieces
 12682 | D:10     | Found Haf Monn's Food Emporium.
 12718 | D:10     | Got an encrusted chain mail
 12783 | D:10     | Noticed a hill giant
 12789 | D:10     | Huge Dmg: 26 Dmg
 12790 | D:10     | Killed a hill giant
 13133 | D:10     | Found a portal to a secret trove of treasure.
 13295 | D:11     | Reached skill level 14 in Axes
 13301 | D:11     | Reached skill level 14 in Armour
 13313 | D:11     | Huge Dmg: 48 Dmg
 13377 | D:11     | Got a warped flail
 13489 | D:11     | Noticed Maud
 13492 | D:11     | Cast into the Abyss (Maud)
 13493 | Abyss:1  | l0ser140: сука пидр
 13493 | Abyss:1  | l0ser140: так и знал
 13493 | Abyss:1  | l0ser140: хотя трова хочет абусал руну
 13493 | Abyss:1  | l0ser140: можно заодно достать
 13493 | Abyss:1  | l0ser140: кек
 13496 | Abyss:1  | Huge Dmg: 56 Dmg
 13708 | Abyss:2  | Found an opulent altar of Gozag.
 13726 | Abyss:2  | l0ser140: хотя шансов у меня не много наверное
 13727 | Abyss:2  | l0ser140: нужно рольнуть
 13727 | Abyss:2  | l0ser140: а похуй буду руну искать
 13809 | Abyss:2  | Noticed a starcursed mass
 14013 | Abyss:2  | Huge Dmg: 56 Dmg
 14131 | Abyss:2  | Huge Dmg: 13 Dmg
 14131 | Abyss:2  | Reached skill level 15 in Axes
 14135 | Abyss:2  | Huge Dmg: 15 Dmg
 14138 | Abyss:2  | Huge Dmg: 15 Dmg
 14147 | Abyss:2  | Noticed a lich
 14147 | Abyss:2  | Huge Dmg: 8 Dmg
 14148 | Abyss:2  | Huge Dmg: 12 Dmg
 14149 | Abyss:2  | Noticed a tentacled monstrosity
 14153 | Abyss:2  | Noticed a tentacled monstrosity
 14155 | Abyss:2  | Noticed a tentacled monstrosity
 14155 | Abyss:2  | Noticed a starcursed mass
 14162 | Abyss:2  | Huge Dmg: 8 Dmg
 14164 | Abyss:2  | Noticed a tentacled monstrosity
 14164 | Abyss:2  | Noticed a tentacled monstrosity
 14167 | Abyss:2  | Noticed a tentacled monstrosity
 14167 | Abyss:2  | Huge Dmg: 7 Dmg
 14175 | Abyss:2  | HP: 3/115 [starcursed mass/accursed screaming (13)]
 14176 | Abyss:2  | Huge Dmg: 13 Dmg
 14201 | Abyss:3  | Huge Dmg: 6 Dmg
 14277 | Abyss:3  | Huge Dmg: 19 Dmg
 14284 | Abyss:3  | Reached skill level 15 in Armour
 14288 | Abyss:3  | Huge Dmg: 22 Dmg
 14289 | Abyss:3  | HP: 5/115 [hellion/burst of hellfire (42)]
 14290 | Abyss:3  | Huge Dmg: 42 Dmg
 14292 | Abyss:3  | Reached XP level 13. HP: 10/122 MP: 4/12
 14302 | Abyss:3  | Noticed a blizzard demon
 14348 | Abyss:3  | Huge Dmg: 23 Dmg
 14362 | Abyss:3  | Huge Dmg: 34 Dmg
 14409 | Abyss:3  | Huge Dmg: 41 Dmg
 14411 | Abyss:3  | Huge Dmg: 17 Dmg
 14413 | Abyss:3  | Huge Dmg: 23 Dmg
 14418 | Abyss:3  | HP: 2/122 [raiju/living lightning (17)]
 14419 | Abyss:3  | Huge Dmg: 20 Dmg
 14425 | Abyss:3  | Found a corrupted altar of Lugonu.
 14461 | Abyss:3  | Identified the +1 chain mail of Vlad {-Cast rF+++ MR+ Str+2} (You took it off an orc on level 10 of the Dungeon)
 14470 | Abyss:3  | Noticed a hellephant
 14495 | Abyss:3  | Huge Dmg: 16 Dmg
 14513 | Abyss:3  | Huge Dmg: 22 Dmg
 14515 | Abyss:3  | Killed from afar by a hellephant

Vault maps used:
D:1:      eino_arrival_water_star
D:2:      ecumenical_altar_1, kennysheep_crisscross
D:4:      first_bread, serial_shops, shop, uniq_natasha
D:5:      grunt_temple_overflow_bloody_war, serial_shops,
          nicolae_shop_waterfront, nicolae_shop_behind_doors, shop, shop,
          nicolae_shop_trees
D:6:      makhleb_heckhound_becter, minmay_temple_entry_grid,
          gup_sewer_entry_bubbles, nicolae_dithmenos_shadow_blocks
D:7:      minitemple, uniq_joseph
D:8:      grunt_temple_overflow_forces_of_nature, basic_altar
D:9:      serial_shops, kennysheep_little_box, the_bakery, rats_and_rats_again,
          uniq_maurice
D:10:     lair_0_dummy, nicolae_trove_entry_diagonal, serial_shops, shop_statue,
          uniq_snorg
D:11:     orc_0_dummy, uniq_maud
Lair:1:   portal_ice_cave_entry_pillars_01, grunt_forest_large_clearing_hut,
          lemuel_fruit_fields, serial_bayou_shore_b
Lair:2:   minivault_26, minmay_another_anthill, lemuel_fruit_fields,
          serial_bayou_shore_a
Lair:3:   nicolae_lair_grove_arrangements
Abyss:2:  guppyfry_abyss_exit_imp_island, hangedman_abyss_sting
Sewer:    sewer_big_baddie
IceCv:    ice_cave_statue_garden_01

Action                   |  1- 3 |  4- 6 |  7- 9 | 10-12 | 13-15 || total
-------------------------+-------+-------+-------+-------+-------++-------
Melee: Hand axe          |    97 |   106 |   210 |       |       ||   413
       War axe           |       |       |    48 |     5 |       ||    53
       Battleaxe         |       |       |   162 |   224 |       ||   386
       Executioner's axe |       |       |       |   179 |    43 ||   222
Throw: Throwing net      |       |       |     2 |       |       ||     2
Invok: Berserk           |       |     8 |     6 |    11 |     3 ||    28
       Burn Spellbooks   |       |     1 |       |     1 |       ||     2
       Trog's Hand       |       |     2 |       |     9 |     5 ||    16
       Brothers in Arms  |       |       |       |     6 |     1 ||     7
Evoke: Wand              |       |       |     1 |       |       ||     1
  Use: Scroll            |     5 |     1 |    11 |     9 |     1 ||    27
       Potion            |       |       |       |     8 |       ||     8
 Stab: Sleeping          |       |     1 |     1 |       |       ||     2
       Held in net/web   |       |       |     2 |       |       ||     2
       Invisible         |       |       |       |     1 |       ||     1
  Eat: Chunk             |     1 |    13 |    20 |    20 |       ||    54
       Fruit             |       |       |     3 |     7 |       ||    10
       Pizza             |       |       |       |     1 |       ||     1
       Beef jerky        |       |       |       |     2 |       ||     2
       Bread ration      |       |       |       |     1 |       ||     1
       Royal jelly       |       |       |       |     1 |       ||     1
       Meat ration       |       |       |       |       |     1 ||     1

Vault maps used:
D:1:      eino_arrival_water_star
D:2:      ecumenical_altar_1, kennysheep_crisscross
D:4:      first_bread, serial_shops, shop, uniq_natasha
D:5:      grunt_temple_overflow_bloody_war, serial_shops,
          nicolae_shop_waterfront, nicolae_shop_behind_doors, shop, shop,
          nicolae_shop_trees
D:6:      makhleb_heckhound_becter, minmay_temple_entry_grid,
          gup_sewer_entry_bubbles, nicolae_dithmenos_shadow_blocks
D:7:      minitemple, uniq_joseph
D:8:      grunt_temple_overflow_forces_of_nature, basic_altar
D:9:      serial_shops, kennysheep_little_box, the_bakery, rats_and_rats_again,
          uniq_maurice
D:10:     lair_0_dummy, nicolae_trove_entry_diagonal, serial_shops, shop_statue,
          uniq_snorg
D:11:     orc_0_dummy, uniq_maud
Lair:1:   portal_ice_cave_entry_pillars_01, grunt_forest_large_clearing_hut,
          lemuel_fruit_fields, serial_bayou_shore_b
Lair:2:   minivault_26, minmay_another_anthill, lemuel_fruit_fields,
          serial_bayou_shore_a
Lair:3:   nicolae_lair_grove_arrangements
Abyss:2:  guppyfry_abyss_exit_imp_island, hangedman_abyss_sting
Sewer:    sewer_big_baddie
IceCv:    ice_cave_statue_garden_01
